AoeStats
← Peshmerga424

Scandinavia

510648773Analyzed
1v1 RM · 14h ago on Oct 2, 2026· 69m 5s· 2 players
Game mode
Random Map
Map size
Tiny (2 player)
Population
200
Speed
Normal
Resources
Standard
Victory
Conquest
Starting age
Dark Age
Ending age
Imperial Age
RankedLock teamsTeams togetherTeam positionsShared explorationLock speedFull tech treeHidden civsTurbo modeCheats
Victory
Defeat
🇸🇪 Sicilians · Sweden
1396
+15
🇦🇷 Gurjaras · Argentina
1371
-15
Kraken
6:11 Loom
9:00 Feudal Age
9:37 Double-Bit Axe
14:59 Fletching
17:52 Padded Archer Armor
20:39 Castle Age
20:47 Crossbowman
28:29 Redemption
28:36 Bodkin Arrow
28:38 Horse Collar
33:34 Thumb Ring
38:25 Leather Archer Armor
44:31 Imperial Age
44:21 Heavy Plow
45:09 Wheelbarrow
45:12 Ballistics
45:08 Masonry
45:00 Elite Elephant Archer
47:27 Bracer
49:56 Gold Mining
49:33 Heavy Scorpion
51:51 Chemistry
54:15 Architecture
54:22 Bloodlines
54:13 Husbandry
62:27 Light Cavalry
68:59 Scale Barding Armor
68:28 Hussar
Peshmerga424
6:45 Loom
9:05 Feudal Age
24:08 Castle Age
21:59 Horse Collar
22:29 Double-Bit Axe
24:38 Scale Mail Armor
24:49 Forging
37:44 Imperial Age
35:51 Wheelbarrow
35:02 Town Watch
35:25 Scale Barding Armor
36:28 Bloodlines
38:48 Iron Casting
38:33 Chain Barding Armor
39:34 Husbandry
39:59 Chain Barding Armor
39:33 Light Cavalry
40:47 Conscription
39:56 Cavalier
41:00 Cavalier
43:00 Fletching
44:11 Blast Furnace
42:58 Elite Skirmisher
46:47 Chemistry
46:09 Ballistics
48:09 Hand Cart
49:32 Bodkin Arrow
49:38 Padded Archer Armor
53:59 Bracer
54:15 Leather Archer Armor
58:53 Plate Barding Armor
58:32 Onager
Connection lost

Rejoining the realm…

Still unreachable

The connection could not be restored.

Session expired

The server has moved on; the page needs a fresh start.